Map: Thunderbird LE

Players

BrockY - Winner!

  • Race: Terran Terran
  • League: Master
  • Spawn Location: 11:00

Mez

  • Race: Terran Terran
  • League: Master
  • Spawn Location: 5:00

VOD

Have the link to the VOD?

Description

Time

  • Played on: Aug. 11, 2019, 10:24 a.m.
  • Length: 3:45
Show
View Real Time Build Order
Export as new Build Order

BrockY Terran - Winner!

Build Orders:  

Get SALT Encoding   

  12  0:00  SCV  
  13  0:12  SCV  
  14  0:17  Supply Depot  
  14  0:25  SCV  
  15  0:32  Refinery  
  15  0:59  Barracks  
  15  1:02  Barracks  
  15  1:04  SCV  
  16  1:17  SCV  
  17  1:21  Supply Depot  
  17  1:29  SCV  
  18  1:41  SCV  
  18  1:46  Barracks Tech Lab  
  19  1:48  Barracks Tech Lab  
  20  1:55  Orbital Command  
  19  2:05  Marauder  
  19  2:07  Marauder  
  22  2:09  Concussive Shells  
  22  2:27  Marauder  
  22  2:28  Marauder  
  26  2:36  Supply Depot  
  26  2:48  Marauder  
  26  2:49  Marauder  
  26  2:50  SCV  
  31  3:09  SCV  
  31  3:10  Marauder  
  31  3:11  Marauder  
Show
View Real Time Build Order
Export as new Build Order

Mez Terran 

Build Orders: Reaper Expand 

Get SALT Encoding   

  12  0:01  SCV  
  13  0:13  SCV  
  14  0:17  Supply Depot  
  14  0:25  SCV  
  15  0:39  SCV  
  15  0:40  Barracks  
  16  0:44  Refinery  
  16  0:51  SCV  
  17  1:03  SCV  
  18  1:15  SCV  
  19  1:28  Reaper, Orbital Command  
  20  1:40  Command Center  
  20  1:47  Supply Depot  
  20  1:54  SCV  
  20  2:00  Marine  
  22  2:11  SCV  
  22  2:14  Factory  
  23  2:21  Barracks Reactor  
  23  2:22  Bunker  
  23  2:23  SCV  
  23  2:26  Refinery  
  24  2:35  SCV  
  22  2:57  Marine x2  
  24  3:03  Widow Mine  
  26  3:10  Supply Depot  
  26  3:11  Starport, Supply Depot  
Tags
 
Add a new tag
Caveats
  • Supply blocks, unpowered buildings, or Contaminate may cause inaccurate times.
  • Supply counts are checked every 10 seconds.